 Dungeon Crawl Stone Soup version 0.23.0-28-g6fe0f4dc8b (webtiles) character file.

Game seed: 14864540252195394801

90314 Kniotic the Unseen (level 15, -7/125 (126) HPs)
             Began as a Demigod Assassin on Feb 24, 2019.
             Mangled by a troll (14 damage)
             ... on level 11 of the Dungeon on Feb 25, 2019.
             The game lasted 03:07:38 (44981 turns).

Kniotic the Unseen (Demigod Assassin)              Turns: 44981, Time: 03:07:38

HP:   -7/125 (126)  AC: 11    Str: 18    XL:     15   Next: 11%
MP:   18/18         EV: 14    Int: 23    God:
Gold: 1601          SH:  8    Dex: 27    Spells: 14/14 levels left

rFire    . . .     SeeInvis .   a - +0 rapier (venom)
rCold    . . .     Gourm    +   t - +3 buckler
rNeg     . . .     Faith    .   R - +4 robe of Augmentation {Str+4 Int+4 Dex+4}
rPois    .         Spirit   .   x - +0 helmet
rElec    .         Reflect  .   d - +0 cloak
rCorr    .         Harm     .   y - +2 pair of gloves
MR       ++...                  (no boots)
Stlth    ++++++....             l - amulet of the gourmand
HPRegen  0.30/turn              s - ring of protection from magic
MPRegen  0.16/turn              v - ring of stealth

@: extremely drained
A: high mp 1
a: no special abilities


You were on level 11 of the Dungeon.
You were completely stuffed.

You visited 3 branches of the dungeon, and saw 19 of its levels.
You also visited: Ossuary, Gauntlet and Ice Cave.

You collected 1601 gold pieces.

Inventory:

Hand Weapons
 a - a +0 rapier of venom (weapon)
 b - a +0 blowgun
 J - the +0 dagger "Sosyfy" {holy, rElec Str+3 Dex+2, unknown}
   (You found it in a Gauntlet)

   It has been blessed by the Shining One to cause great damage to the undead
   and demons.
   It affects your strength (+3).
   It affects your dexterity (+2).
   It insulates you from electricity.
Missiles
 e - 23 poisoned needles
 p - 3 needles of frenzy
 V - 3 throwing nets (quivered)
 X - 5 curare-tipped needles
Armour
 d - a +0 cloak (worn)
 t - a +3 buckler (worn)
 x - a +0 helmet (worn)
 y - a +2 pair of gloves (worn)
 M - the +0 ring mail of the Shining One's Whim {Regen+}
   (You found it on level 10 of the Dungeon)

   It increases your rate of regeneration.
 R - the +4 robe of Augmentation (worn) {Str+4 Int+4 Dex+4}
   (You found it in an ice cave)

   It affects your strength (+4).
   It affects your intelligence (+4).
   It affects your dexterity (+4).
 U - +0 swamp dragon scales
 W - a +1 robe of magic resistance
Jewellery
 l - an amulet of the gourmand (around neck)
 s - a ring of protection from magic (left hand)
 v - a ring of stealth (right hand)
 B - an uncursed ring of protection from cold
 I - an uncursed amulet of rage
 N - a +2 amulet of reflection
 Y - an uncursed ring of positive energy
Wands
 i - a wand of iceblast (14)
 K - a wand of disintegration (13)
 O - a wand of paralysis (9)
 Q - a wand of digging (4)
Scrolls
 f - 2 scrolls of enchant weapon
 j - 3 scrolls of amnesia
 k - 7 scrolls of teleportation
 n - 6 scrolls of magic mapping
 o - 7 scrolls of remove curse
 w - 2 scrolls of immolation
 A - 5 scrolls of enchant armour
 E - 2 scrolls of fear
 L - a scroll of silence
Potions
 h - 3 potions of haste
 q - 3 potions of flight
 r - 2 potions of curing
 u - a potion of ambrosia
 z - 3 potions of lignification
 C - 2 potions of heal wounds
 G - a potion of brilliance
 H - 2 potions of magic
 P - a potion of might
 S - a potion of resistance {unknown}
 T - 2 potions of mutation
Miscellaneous
 c - a sack of spiders
 m - a phial of floods
Comestibles
 g - 43 rations
 D - 15 chunks of flesh


   Skills:
 + Level 10.1(3.1) Fighting
 - Level 10.0(3.0) Short Blades
 - Level 1.7(0.0) Throwing
 - Level 10.4(3.4) Dodging
 + Level 18.2(9.8) Stealth
 - Level 4.0(0.0) Shields


You had 14 spell levels left.
You didn't know any spells.
Your spell library contained the following spells:

 Spells                   Type           Power        Failure   Level  Hunger
 Beastly Appendage        Tmut           #.....       26%         1    ##.....
 Corpse Rot               Necr           N/A          36%         2    ###....
 Sticks to Snakes         Tmut           #.......     36%         2    ###....
 Spider Form              Tmut/Pois      #.........   61%         3    ####...
 Stone Arrow              Conj/Erth      #.....       61%         3    ####...
 Ice Form                 Ice/Tmut       #.......     95%         4    #####..
 Leda's Liquefaction      Hex/Erth       #.........   95%         4    #####..
 Summon Lightning Spire   Summ/Air       #.......     95%         4    #####..
 Blade Hands              Tmut           #.........   100%        5    ######.
 Silence                  Hex/Air        #.........   100%        5    ######.
 Summon Forest            Summ/Tloc      #.........   100%        5    ######.
 Conjure Ball Lightning   Conj/Air       #.........   100%        6    #######
 Deflect Missiles         Chrm/Air       #.........   100%        6    #######
 Hydra Form               Tmut           #.........   100%        6    #######
 Summon Hydra             Summ           #.........   100%        7    #######
 Tornado                  Air            #.........   100%        9    #######


Dungeon Overview and Level Annotations

Branches:
Dungeon (12/15)            Temple (0/1) D:6            Lair (6/6) D:8
 Shoals (0/4) Lair:3        Snake (0/4) Lair:2        Slime (0/5) Lair:6
    Orc (1/2) D:11

Shops:
D:6 !

Annotations:
D:10 exclusion: hydra
Lair:2 exclusion: 7 oklob plants
Lair:4 exclusion: electric eel
Lair:5 3 runed translucent doors, Jeban's ghost, journeyman OpFi; Teqef's ghost, journeyman MiGl; Thalamas's ghost, journeyman MiBe; Vig Uhad's ghost, journeyman OpTm
Lair:6 1 runed translucent door, Ikheod's ghost, journeyman MfGl


Innate Abilities, Weirdness & Mutations

You have an increased reservoir of magic. (+10% MP)


Message History

The troll completely misses you. You block the troll's attack. x2
You hit the troll.
The troll looks as sick as possible!
The troll is heavily wounded.
The troll bites you but does no damage. The troll barely misses you.
You block the troll's attack.
You hit the troll but do no damage.
The troll is heavily wounded.
The troll barely misses you. x2; The troll completely misses you.
The troll bites you!!
* * * LOW HITPOINT WARNING * * *
The troll claws you but does no damage. The troll completely misses you.
You completely miss the troll.
The troll is heavily wounded.
You block the troll's attack. x2; The troll barely misses you.
You barely miss the troll.
The troll is severely wounded.
The troll bites you!!
* * * LOW HITPOINT WARNING * * *
The troll claws you!
You die...

#######################
#.≈...#................
#≈....#................
###..........).....##....
#.#[(..........)[........
#!#)#.(..".....[.........
#!#(#..[[[............[..
#!'.#..T@[.............[(
#########################
#.###.......#.#.## #.#
#.#).........###.# #.#
#.#.#......)#.#.####.###
#........#.###.........#
###.###.#.>.######......
#.# #......# ##....# #.#
###....# ##.#.#


You could see a troll.

Vanquished Creatures
  A white draconian (IceCv)
  A dire elephant (Lair:5)
  A minotaur (Gauntlet)
  Josephine (D:12)
  A fire dragon (Lair:6)
  Harold (D:7)
  4 hydras
  A catoblepas (Lair:6)
  A queen ant (Lair:3)
  2 two-headed ogres (D:12)
  A centaur warrior (D:10)
  8 death yaks
  Sonja (Lair:1)
  Nergalle (Lair:2)
  A swamp dragon (Lair:6)
  4 rime drakes
  2 lindwurms (Lair:6)
  Pikel (D:4)
  An oklob plant (Lair:5)
  3 manticores
  Maurice (D:9)
  5 elephants (Lair:6)
  4 black mambas
  A torpor snail (Lair:6)
  10 spiny frogs
  2 centaur skeletons
  6 komodo dragons
  13 polar bears
  Grinder (D:3)
  Prince Ribbit (D:7)
  2 trolls
  6 blink frogs
  3 dream sheep (Lair:6)
  3 slime creatures (Gauntlet)
  10 hippogriffs
  Sigmund (D:4)
  5 wraiths (D:12)
  63 yaks
  A human (D:12)
  3 basilisks (Lair:6)
  5 steam dragons
  A hungry ghost (D:8)
  3 swamp worms (Gauntlet)
  2 nagas (Lair:2)
  A spectral spiny frog (Gauntlet)
  2 acid dragons (Lair:6)
  5 soldier ants (Lair:3)
  7 porcupines
  12 water moccasins
  4 orc warriors
  A swamp drake (D:11)
  3 black bears
  A sky beast (D:10)
  A slave (D:4)
  8 ogres
  2 ice beasts
  2 phantoms
  A necrophage (D:12)
  9 crocodiles
  16 wolves
  14 centaurs
  A big kobold (D:6)
  12 bullfrogs
  A gnoll sergeant (D:7)
  A scorpion (D:8)
  3 centaur zombies
  4 crimson imps
  A bullfrog zombie (D:11)
  A quasit (D:12)
  6 jellies
  5 hounds
  15 orc priests
  12 orc wizards
  A bullfrog skeleton (D:10)
  5 iguanas
  Natasha (twice) (D:4)
  17 worker ants
  A hell rat (Lair:6)
  A killer bee zombie (D:5)
  4 big kobold zombies (Ossuary)
  A hound skeleton (D:6)
  2 mummies (Ossuary)
  A worker ant zombie (D:7)
  16 gnolls
  12 adders
  A shadow imp (D:12)
  5 oozes
  2 adder skeletons
  4 adder zombies
  4 worms
  A dart slug (D:1)
  5 leopard geckos
  61 orcs
  2 ball pythons
  6 bats
  7 giant cockroaches
  2 gnoll zombies (Ossuary)
  6 goblins
  8 hobgoblins
  8 jackals
  A quokka (D:3)
  4 frilled lizards
  6 hobgoblin zombies (Ossuary)
  13 kobolds
  4 kobold zombies (Ossuary)
  A leopard gecko skeleton (D:4)
  5 orc zombies (Ossuary)
  17 rats
  A spectral orc (D:3)
  A bush (Lair:5)
578 creatures vanquished.

Vanquished Creatures (collateral kills)
  A death yak (IceCv)
  A yak (IceCv)
  A wolf (IceCv)
3 creatures vanquished.

Vanquished Creatures (others)
  3 polar bears (IceCv)
  A wyvern (D:8)
  A wolf (IceCv)
  Natasha (D:4)
  A worm (D:4)
  6 fungi
  21 plants
34 creatures vanquished.

Grand Total: 615 creatures vanquished

Notes
Turn   | Place    | Note
-------+----------+-------------------------------------------
     0 | D:1      | Kniotic the Demigod Assassin began the quest for the Orb.
     0 | D:1      | Reached XP level 1. HP: 17/17 MP: 3/3
   102 | D:1      | Reached XP level 2. HP: 24/24 MP: 4/4
   124 | D:1      | Reached skill level 4 in Stealth
   635 | D:1      | Reached XP level 3. HP: 29/29 MP: 5/5
  1413 | D:2      | Found a blossoming altar of Fedhas.
  1666 | D:2      | Reached XP level 4. HP: 36/36 MP: 6/6
  1863 | D:2      | Reached skill level 5 in Stealth
  1975 | D:3      | Noticed Grinder
  2207 | D:3      | Found a basalt altar of Yredelemnul.
  2597 | D:3      | Reached XP level 5. HP: 35/41 MP: 7/7
  3441 | D:4      | Noticed a slave
  3447 | D:4      | Noticed an ogre
  3448 | D:4      | Noticed a slave
  3957 | D:4      | Reached skill level 6 in Stealth
  4250 | D:4      | Reached XP level 6. HP: 43/48 MP: 8/8
  4532 | D:4      | Noticed Natasha
  4775 | D:4      | Noticed Sigmund
  4957 | D:4      | Noticed Pikel
  5415 | D:5      | Entered Level 5 of the Dungeon
  6122 | D:5      | Reached skill level 7 in Stealth
  6139 | D:5      | Reached skill level 1 in Shields
  6461 | D:4      | Killed Pikel
  6461 | D:4      | Reached skill level 5 in Short Blades
  6461 | D:4      | Reached skill level 8 in Stealth
  6461 | D:4      | Reached XP level 7. HP: 25/53 MP: 9/9
  6463 | D:4      | Killed Natasha
  6569 | D:4      | Noticed Natasha
  6576 | D:4      | Killed Natasha
  7374 | D:6      | Found a staircase to the Ecumenical Temple.
  7508 | D:6      | Reached XP level 8. HP: 51/60 MP: 10/10
  7817 | D:6      | Found a sand-covered staircase.
  7822 | Ossuary  | Entered an ossuary
  8298 | D:6      | Found Pieqaimm's Distillery.
  8435 | D:6      | Reached skill level 9 in Stealth
  9463 | D:7      | Noticed Prince Ribbit
  9531 | D:7      | Noticed Harold
  9706 | D:7      | Noticed a hippogriff
  9729 | D:7      | Killed a hippogriff
 10371 | D:7      | Reached XP level 9. HP: 67/67 MP: 11/11
 10628 | D:3      | Reached skill level 10 in Stealth
 10804 | D:3      | Paralysed by Grinder for 4 turns
 10830 | D:3      | Killed Grinder
 11027 | D:4      | Noticed Natasha
 11028 | D:4      | Killed Sigmund
 11038 | D:4      | Killed Natasha
 11205 | D:7      | Killed Prince Ribbit
 11569 | D:8      | Found a staircase to the Lair.
 13164 | D:7      | Reached skill level 11 in Stealth
 13179 | D:7      | Killed Harold
 15350 | D:9      | Noticed Maurice
 15503 | D:9      | Reached XP level 10. HP: 67/73 MP: 13/13
 15715 | D:10     | Entered Level 10 of the Dungeon
 16314 | D:10     | Noticed a seven-headed hydra
 16793 | D:10     | Got a bronze ring mail
 16974 | D:10     | Found a stormy altar of Qazlal.
 16988 | D:10     | Identified the +0 ring mail of the Shining One's Whim
                  | {Regen+} (You found it on level 10 of the Dungeon)
 17177 | D:11     | Reached skill level 12 in Stealth
 17228 | D:11     | Reached skill level 1 in Dodging
 17852 | D:10     | Noticed a centaur warrior
 17889 | D:10     | Killed a centaur warrior
 19092 | D:11     | Found a staircase to the Orcish Mines.
 19808 | Lair:1   | Entered Level 1 of the Lair of Beasts
 19813 | Lair:1   | Reached XP level 11. HP: 79/79 MP: 14/14
 20100 | Lair:1   | Reached skill level 10 in Short Blades
 20404 | Lair:1   | Reached skill level 13 in Stealth
 20684 | Lair:1   | Reached skill level 5 in Dodging
 20687 | Lair:1   | Noticed Sonja
 20885 | Lair:2   | Noticed an eight-headed hydra
 20888 | Lair:2   | Killed an eight-headed hydra
 21463 | Lair:2   | Found a staircase to the Snake Pit.
 21715 | Lair:2   | Noticed Nergalle
 22446 | Lair:3   | Reached skill level 14 in Stealth
 22446 | Lair:3   | Reached XP level 12. HP: 85/85 MP: 15/15
 22447 | Lair:3   | Reached skill level 15 in Stealth
 22447 | Lair:3   | Reached XP level 13. HP: 91/91 MP: 16/16
 22795 | Lair:3   | Reached skill level 10 in Dodging
 23126 | Lair:3   | Found a staircase to the Shoals.
 25695 | Lair:5   | Found a runed translucent gate.
 25695 | Lair:5   | Found a runed translucent gate.
 25695 | Lair:5   | Noticed Teqef's ghost (journeyman MiGl)
 25695 | Lair:5   | Noticed Jeban's ghost (journeyman OpFi)
 25991 | Lair:5   | Found a frozen archway.
 25997 | IceCv    | Entered an ice cave
 26656 | IceCv    | Reached skill level 16 in Stealth
 27488 | IceCv    | Reached XP level 14. HP: 94/105 MP: 17/17
 27838 | IceCv    | Reached skill level 5 in Fighting
 28372 | IceCv    | Found the +4 robe of Augmentation {Str+4 Int+4 Dex+4}
 28655 | Lair:5   | Found a runed translucent gate.
 28662 | Lair:5   | Noticed Teqef's ghost (journeyman MiGl)
 28662 | Lair:5   | Noticed Vig Uhad's ghost (journeyman OpTm)
 28663 | Lair:5   | Noticed Thalamas's ghost (journeyman MiBe)
 30676 | Lair:6   | Entered Level 6 of the Lair of Beasts
 32018 | Lair:6   | Found a runed translucent door.
 32018 | Lair:6   | Found a viscous altar of Jiyva.
 32018 | Lair:6   | Found a staircase to the Slime Pits.
 32956 | Lair:5   | Reached skill level 17 in Stealth
 33470 | Lair:6   | Noticed Ikheod's ghost (journeyman MfGl)
 33485 | Lair:6   | Found a runed translucent door.
 35886 | Lair:6   | Found a runed translucent door.
 35886 | Lair:6   | Found a runed translucent door.
 36227 | Lair:6   | Found a viscous altar of Jiyva.
 36297 | Lair:6   | Found a staircase to the Slime Pits.
 39866 | Lair:2   | Killed Nergalle
 40415 | Lair:1   | Killed Sonja
 40526 | D:9      | Killed Maurice
 40687 | D:12     | Found a gate leading to a gauntlet.
 40732 | Gauntlet | Entered a Gauntlet
 40732 | Gauntlet | Found a transporter.
 40872 | Gauntlet | Found a transporter.
 40874 | Gauntlet | Found a transporter.
 40888 | Gauntlet | Found a transporter.
 40890 | Gauntlet | Found a transporter.
 40904 | Gauntlet | Found a transporter.
 40916 | Gauntlet | Found a transporter.
 40926 | Gauntlet | Found a transporter.
 40936 | Gauntlet | Found a transporter.
 40942 | Gauntlet | Found a transporter.
 40971 | Gauntlet | Found a transporter.
 41033 | Gauntlet | Found a transporter.
 41036 | Gauntlet | Found a transporter.
 41153 | Gauntlet | Reached skill level 18 in Stealth
 42091 | Gauntlet | Reached XP level 15. HP: 41/126 MP: 18/18
 42404 | Gauntlet | Got a warped dagger
 42977 | D:12     | Noticed Josephine
 43066 | D:12     | Killed Josephine
 43066 | D:12     | Reached skill level 10 in Fighting
 44173 | Orc:1    | Entered Level 1 of the Orcish Mines
 44182 | D:11     | Upgraded the game from 0.23.0-3-gf3c87f2df8 to
                  | 0.23.0-28-g6fe0f4dc8b
 44981 | D:11     | Mangled by a troll

Skill      XL: |  1  2  3  4  5  6  7  8  9 10 11 12 13 14 15 |
---------------+----------------------------------------------+-----
Short Blades   | 2 3 5 6 8 9 10 | 10.0
Stealth        | 4 5 6 8 9 11 12 14 15 16 18 | 18.2
Shields        | 2 4 |  4.0
Dodging        | 4 8 9 10 | 10.4
Fighting       | 4 9 10 | 10.1
Throwing       | |  1.7

Action                   |  1- 3 |  4- 6 |  7- 9 | 10-12 | 13-15 || total
-------------------------+-------+-------+-------+-------+-------++-------
Melee: Dagger            |   122 |   309 |   645 |    87 |   260 ||  1423
       Whip              |       |       |    24 |       |       ||    24
       Rapier            |       |       |       |   744 |  2391 ||  3135
 Fire: Blowgun           |     6 |    71 |    71 |     5 |    32 ||   185
 Abil: Evoke Berserk Rag |       |       |       |     2 |    13 ||    15
Evoke: Wand              |       |       |    14 |     2 |    17 ||    33
       Sack of spiders   |       |       |       |       |     5 ||     5
  Use: Scroll            |       |     4 |    12 |    12 |    11 ||    39
       Potion            |       |       |     4 |     4 |    17 ||    25
 Stab: Sleeping          |    14 |    11 |    32 |    25 |    43 ||   125
       Distracted        |       |     1 |     2 |     1 |     7 ||    11
       Invisible         |       |       |     4 |       |       ||     4
  Eat: Chunk             |     2 |    20 |    29 |    56 |    78 ||   185
       Ration            |       |     1 |       |       |     8 ||     9
Armor: Robe              |    28 |    42 |    81 |    21 |   220 ||   392
       Skin              |       |       |     3 |       |    31 ||    34
       Ring mail         |       |       |       |   117 |   167 ||   284
Dodge: Dodged            |    93 |   128 |   167 |   232 |  1449 ||  2069
Block: Buckler           |       |    32 |   151 |   197 |   906 ||  1286
       Reflection        |       |       |       |     2 |       ||     2
